 Dungeon Crawl Stone Soup version 0.31.0-12-g77e489cdc1 (webtiles) character file.

Game seed: 16639929192461285594

623 lonewolfV2 the Trooper (level 7, 0/59 HPs)
             Began as a Formicid Fighter on Feb 13, 2024.
             Was an Initiate of Qazlal.
             Succumbed to a hornet's poison
             ... on level 5 of the Dungeon.
             The game lasted 00:06:16 (3773 turns).

lonewolfV2 the Trooper (Formicid Fighter)           Turns: 3773, Time: 00:06:17

Health: 0/59       AC: 12    Str: 20    XL:     7   Next: 75%
Magic:  7/7        EV:  5    Int:  8    God:    Qazlal [......]
Gold:   724        SH:  5    Dex: 15    Spells: 6/6 levels left

rFire   . . .        n - +5 battleaxe of Calamity {heavy, rN+}
rCold   . . .        c - +0 buckler
rNeg    + + .        o - +0 plate armour
rPois   .            (helmet unavailable)
rElec   .            (no cloak)
rCorr   .            i - +0 pair of gloves
SInv    +            (no boots)
Will    .....        (no amulet) Stlth
                     g - ring of positive energy
HPRegen 0.29/turn    (no ring)
MPRegen 0.10/turn

%: no passive effects
@: mighty, lethally poisoned (0 -> -29)
A: permanent stasis, dig shafts and tunnels, antennae 3, four strong arms
a: Dig, Shaft Self, Renounce Religion


You were on level 5 of the Dungeon.
You worshipped Qazlal.
Qazlal was noncommittal.
You visited 2 branches of the dungeon, and saw 6 of its levels.

You collected 965 gold pieces.
You spent 241 gold pieces at shops.

Inventory:

Hand Weapons
 a - a +0 heavy war axe
 n - the +5 battleaxe of Calamity (weapon) {heavy, rN+}
   (You bought it in a shop on level 3 of the Dungeon)

   rN+:       It protects you from negative energy.
Armour
 b - a +0 scale mail
 c - a +0 buckler (worn)
 i - a +0 pair of gloves (worn)
 o - a +0 plate armour (worn)
Jewellery
 g - a ring of positive energy (left hand)
Wands
 s - a wand of quicksilver (8)
Scrolls
 h - 2 scrolls of immolation
Potions
 e - 2 potions of brilliance {unknown}
 j - a potion of enlightenment
 l - a potion of ambrosia {unknown}
 m - a potion of degeneration {unknown}
 q - a potion of berserk rage {unknown}
 t - a potion of lignification {unknown}


   Skills:
 + Level 6.4 Fighting
 + Level 6.2 Axes
 - Level 3.2 Armour
 - Level 4.0 Shields


You had 6 spell levels left.
You didn't know any spells.
Your spell library contained the following spells:

 Spells                   Type           Power      Damage    Failure   Level
 Animate Dead             Necr           0%         N/A       100%        4
 Borgnjor's Vile Clutch   Necr/Erth      0%         N/A       100%        5
 Death Channel            Necr           0%         N/A       100%        6


Dungeon Overview and Level Annotations

Branches:
Dungeon (5/15)             Temple (1/1) D:4

Altars:
Ashenzari
Dithmenos
Fedhas
Gozag
Hepliaklqana
Kikubaaqudgha
Makhleb
Okawaru
Qazlal
Ru
Trog
Uskayaw
Wu Jian
Xom
Yredelemnul
The Shining One

Shops:
D:3 (


Innate Abilities, Weirdness & Mutations

You cannot be hasted, slowed, berserked, paralysed or teleported.
You can dig through walls and to a lower floor.
You have a pair of large antennae on your head. (SInv)
Your four strong arms can wield two-handed weapons with a shield.


Message History

* * * LOW HITPOINT WARNING * * *
You are poisoned.
Your stasis prevents you from being slowed.
The hornet stings you!
* * * LOW HITPOINT WARNING * * *
Your stasis prevents you from being paralysed.
You feel much better.
You feel very sick. The hornet stings you.
Your stasis prevents you from being slowed.
You miss the hornet.
The hornet is almost dead.
You feel very sick. The hornet stings you.
Your stasis prevents you from being slowed.
The hornet stings you.
* * * LOW HITPOINT WARNING * * *
You are more poisoned.
Your stasis prevents you from being paralysed.
The hornet stings you.
* * * LOW HITPOINT WARNING * * *
You are more poisoned.
Your stasis prevents you from being slowed.
The hornet barely misses you.
You feel much better.
You feel very sick. The hornet stings you!
You are lethally poisoned!
Your stasis prevents you from being slowed.
You closely miss the hornet.
The hornet is almost dead.
You feel extremely sick.
The hornet stings you but does no damage.
The hornet stings you!
* * * LOW HITPOINT WARNING * * *
You are more poisoned.
Your stasis prevents you from being slowed.
The hornet stings you but does no damage.
You feel very mighty all of a sudden.
You die...

#......##....##.##........
####...##.#........$......
.###...##)#.#.##..#.......
..##..>.)))...##..#.......
#..##.#.#.#.#####<#..)....
##..#.#...#.##....#y......
##.#.##..#....#..........
#.......###..#y#########
###....##....#@#
#...#...#....#
......#.#......#
#####>.........#
#...#......# #####......#
........# #########


You could see a hornet.

Vanquished Creatures
  An ogre (D:4)
  A scorpion (D:5)
  A bombardier beetle (D:4)
  A hound (D:4)
  2 jellies (D:5)
  An orc priest (D:3)
  A gnoll bouda (D:5)
  Terence (D:2)
  2 iguanas
  8 gnolls (D:5)
  7 adders
  A dart slug (D:2)
  3 orcs
  4 ball pythons
  6 bats
  6 endoplasms
  2 giant cockroaches (D:3)
  3 goblins
  8 hobgoblins
  8 jackals
  7 kobolds
  3 quokkas
  3 frilled lizards
  9 rats
89 creatures vanquished.

Notes
Turn   | Place    | Note
-------+----------+-------------------------------------------
     0 | D:1      | lonewolfV2 the Formicid Fighter began the quest for the
                  | Orb.
     0 | D:1      | Reached XP level 1. HP: 18/18 MP: 1/1
    87 | D:1      | Reached XP level 2. HP: 24/24 MP: 2/2
   365 | D:1      | Reached XP level 3. HP: 30/30 MP: 3/3
   926 | D:2      | Noticed Terence
   935 | D:2      | Killed Terence
   936 | D:2      | Reached XP level 4. HP: 25/37 MP: 4/4
  1044 | D:2      | Reached XP level 5. HP: 42/42 MP: 5/5
  1259 | D:2      | Identified a scroll of acquirement
  1259 | D:2      | Acquired 698 gold pieces
  1709 | D:3      | Found Sukk's Antique Weapon Boutique.
  1718 | D:3      | Bought an ancient battleaxe for 241 gold pieces
  1718 | D:3      | Identified the +5 battleaxe of Calamity {heavy, rN+} (You
                  | bought it in a shop on level 3 of the Dungeon)
  2492 | D:4      | Found a staircase to the Ecumenical Temple.
  2534 | Temple   | Entered the Ecumenical Temple
  2547 | Temple   | Became a worshipper of Qazlal Stormbringer
  2589 | D:4      | Reached XP level 6. HP: 50/50 MP: 6/6
  2619 | D:4      | Reached skill level 5 in Fighting
  2619 | D:4      | Reached skill level 5 in Axes
  2711 | D:4      | Noticed an ogre
  2714 | D:4      | Killed an ogre
  2950 | D:4      | Reached XP level 7. HP: 56/56 MP: 7/7
  3133 | D:5      | Entered Level 5 of the Dungeon
  3755 | D:5      | Noticed a hornet
  3773 | D:5      | Succumbed to a hornet's poison

Illustrated notes

Levels and vault maps discovered:
D:1:      beargit_arrival_diablo_church, layout_basic, st_stairs_10
D:2:      layout_rooms, item_on_display_a, uniq_terence
D:3:      layout_loops_corners, serial_shops, nicolae_shop_overgrown_old_shop,
          chequers_jeans
D:4:      layout_basic, temple_pool_b, chequers_garden
D:5:      layout_basic
Temple:   regret_index_temple_sphere_string

Skill      XL: |  1  2  3  4  5  6  7 |
---------------+----------------------+-----
Axes           | 3 4 5 6 |  6.2
Fighting       | 4 5 6 |  6.4
Armour         | |  3.2
Shields        | |  4.0

Action                     |  1- 3 |  4- 6 |  7- 9 || total
---------------------------+-------+-------+-------++-------
  Melee: War axe           |    80 |    44 |       ||   124
         Battleaxe         |       |    39 |    31 ||    70
Ability: Dig               |       |     1 |       ||     1
    Use: Scroll            |     2 |     5 |     2 ||     9
         Potion            |       |       |     5 ||     5
 Armour: Scale mail        |    72 |    61 |       ||   133
         Plate armour      |       |    42 |    57 ||    99
  Dodge: Dodged            |    46 |    50 |    17 ||   113
  Block: Buckler           |    34 |    26 |     9 ||    69
